PIO (24 & UNDER)
CHULA VISTA TACOS @ SASKATOON SMOKIN' GUNS
08/18/2026
 
TOP OF THE 1ST
Chula Vista Tacos batting - Pitching for Saskatoon Smokin' Guns : RHP Sloan Numbers
Pitching: RHP Sloan Numbers
Batting: RHB Gustavo Torres 0-0: Ball
1-0: Fly out, F5 (Line Drive, 5)
Batting: LHB Jaime Icaza 0-0: Ball
1-0: Called Strike
1-1: Foul Ball, location: 2F
1-2: Ball
2-2: Ball
3-2: Base on Balls
Batting: RHB Johnny Williams 0-0: Ball
1-0: Fly out, F8 (Line Drive, 8RS)
Batting: RHB Joel Carlson 0-0: Called Strike
Jaime Icaza steals 2nd base
0-1: Called Strike
0-2: Foul Ball, location: 2F
0-2: Ball
1-2: Foul Ball, location: 2F
1-2: Strikes out swinging
Top of the 1st over - 0 run(s), 0 hit(s), 0 error(s), 1 left on base; Chula Vista 0 - Saskatoon 0
BOTTOM OF THE 1ST
Saskatoon Smokin' Guns batting - Pitching for Chula Vista Tacos : RHP Jesús De Los Santos
Pitching: RHP Jesús De Los Santos
Batting: LHB Alejandro Rojas 0-0: Called Strike
0-1: SOLO HOME RUN (Flyball, 89XD), Distance : 450 ft
Batting: RHB Rijk de Rade 0-0: Foul Ball, location: 2F
0-1: Reached on error, E5 (Groundball, 56)
Batting: LHB Raúl Casillán 0-0: Called Strike
0-1: Foul Ball, location: 2F
0-2: Foul Ball, location: 2F
0-2: Grounds into double play, 3-6-3 (Groundball, 3)
Batting: LHB José Lińares 0-0: Ball
1-0: Called Strike
1-1: Foul Ball, location: 2F
1-2: Fly out, F3 (Line Drive, 34)
Bottom of the 1st over - 1 run(s), 1 hit(s), 1 error(s), 0 left on base; Chula Vista 0 - Saskatoon 1
TOP OF THE 2ND
Chula Vista Tacos batting - Pitching for Saskatoon Smokin' Guns : RHP Sloan Numbers
Batting: LHB Steven Smith 0-0: DOUBLE (Line Drive, 89XD)
Batting: SHB Walt Rodgers 0-0: Ground out 4-3 (Groundball, 4M)
Steven Smith to third
Batting: RHB Dave King 0-0: Ground out 4-3 (Groundball, 4)
Steven Smith scores
Batting: LHB Michael Myers 0-0: Called Strike
0-1: Ball
1-1: Ball
2-1: Ball
3-1: Base on Balls
Batting: LHB Joe Baker 0-0: Ground out 5-3 (Groundball, 56S)
Top of the 2nd over - 1 run(s), 1 hit(s), 0 error(s), 1 left on base; Chula Vista 1 - Saskatoon 1
BOTTOM OF THE 2ND
Saskatoon Smokin' Guns batting - Pitching for Chula Vista Tacos : RHP Jesús De Los Santos
Batting: RHB Luis Ibarra 0-0: Ball
1-0: Ball
2-0: Swinging Strike
2-1: Ball
3-1: Foul Ball, location: 2F
3-2: Strikes out swinging
Batting: RHB Peter Bryant 0-0: Foul Ball, location: 2F
0-1: Ball
1-1: Ball
2-1: Fly out, F9 (Line Drive, 9M)
Batting: SHB Michael Miller 0-0: Ground out 4-3 (Groundball, 34)
Bottom of the 2nd over - 0 run(s), 0 hit(s), 0 error(s), 0 left on base; Chula Vista 1 - Saskatoon 1
TOP OF THE 3RD
Chula Vista Tacos batting - Pitching for Saskatoon Smokin' Guns : RHP Sloan Numbers
Batting: RHB Gustavo Torres 0-0: Called Strike
0-1: Ball
1-1: Ball
2-1: Called Strike
2-2: Ball
3-2: Base on Balls
Batting: LHB Jaime Icaza 0-0: Ball
1-0: Foul Ball, location: 2F
1-1: Ball
2-1: Ball
3-1: Called Strike
3-2: Foul Ball, location: 2F
3-2: Foul Ball, location: 2F
3-2: Foul Ball, location: 2F
3-2: Base on Balls
Gustavo Torres to second
Batting: RHB Johnny Williams 0-0: Ball
1-0: Fly out, F9 (Flyball, 9LM)
Batting: RHB Joel Carlson 0-0: Called Strike
0-1: Ball
1-1: Ball
2-1: Grounds into double play, 1-6-3 (Groundball, 15)
Top of the 3rd over - 0 run(s), 0 hit(s), 0 error(s), 1 left on base; Chula Vista 1 - Saskatoon 1
BOTTOM OF THE 3RD
Saskatoon Smokin' Guns batting - Pitching for Chula Vista Tacos : RHP Jesús De Los Santos
Batting: RHB Juan Chávez 0-0: SINGLE (Groundball, 6MD)
Batting: RHB José Chávez 0-0: Swinging Strike
0-1: Swinging Strike
0-2: Strikes out swinging
Batting: LHB Alejandro Rojas 0-0: Called Strike
0-1: Ball
1-1: Fielders Choice at 2nd, 4-6 (Groundball, 34)
Batting: RHB Rijk de Rade 0-0: Ball
Alejandro Rojas steals 2nd base
1-0: Foul Ball, location: 2F
1-1: Called Strike
1-2: Ball
2-2: Ball
3-2: Foul Ball, location: 2F
3-2: Fly out, F3 (Popup, 3F)
Bottom of the 3rd over - 0 run(s), 1 hit(s), 0 error(s), 1 left on base; Chula Vista 1 - Saskatoon 1
TOP OF THE 4TH
Chula Vista Tacos batting - Pitching for Saskatoon Smokin' Guns : RHP Sloan Numbers
Batting: LHB Steven Smith 0-0: Foul Ball, location: 2F
0-1: Fly out, F7 (Popup, 6MD)
Batting: SHB Walt Rodgers 0-0: Ball
1-0: Called Strike
1-1: SOLO HOME RUN (Flyball, 9D), Distance : 412 ft
Batting: RHB Dave King 0-0: Foul Ball, location: 2F
0-1: Ground out 5-3 (Groundball, 56)
Batting: LHB Michael Myers 0-0: Ball
1-0: Ball
2-0: Ball
3-0: Called Strike
3-1: Called Strike
3-2: Foul Ball, location: 2F
3-2: Ground out 5-3 (Groundball, 5S)
Top of the 4th over - 1 run(s), 1 hit(s), 0 error(s), 0 left on base; Chula Vista 2 - Saskatoon 1
BOTTOM OF THE 4TH
Saskatoon Smokin' Guns batting - Pitching for Chula Vista Tacos : RHP Jesús De Los Santos
Batting: LHB Raúl Casillán 0-0: Foul Ball, location: 2F
0-1: Ground out 4-3 (Groundball, 4M)
Batting: LHB José Lińares 0-0: Ball
1-0: Called Strike
1-1: Called Strike
1-2: Foul Ball, location: 2F
1-2: SINGLE (Groundball, 34D)
Batting: RHB Luis Ibarra 0-0: Ball
1-0: Ball
2-0: SINGLE (Line Drive, 7S)
José Lińares to second
Batting: RHB Peter Bryant 0-0: Ground out 4-3 (Groundball, 4M)
José Lińares to third
Luis Ibarra to second
Batting: SHB Michael Miller 0-0: Ball
1-0: Swinging Strike
1-1: Fly out, F4 (Popup, 4D)
Bottom of the 4th over - 0 run(s), 2 hit(s), 0 error(s), 2 left on base; Chula Vista 2 - Saskatoon 1
TOP OF THE 5TH
Chula Vista Tacos batting - Pitching for Saskatoon Smokin' Guns : RHP Sloan Numbers
Batting: LHB Joe Baker 0-0: Swinging Strike
0-1: Foul Ball, location: 2F
0-2: Strikes out looking
Batting: RHB Gustavo Torres 0-0: Foul Ball, location: 2F
0-1: Swinging Strike
0-2: SINGLE (Groundball, 4MD)
Batting: LHB Jaime Icaza 0-0: Ball
Gustavo Torres steals 2nd base
1-0: Foul Ball, location: 2F
1-1: Ball
2-1: Foul Ball, location: 2F
2-2: Ball
3-2: DOUBLE (Line Drive, 8RS)
Gustavo Torres scores
Batting: RHB Johnny Williams 0-0: Intentional Walk
Batting: RHB Joel Carlson 0-0: Ball
1-0: Called Strike
1-1: DOUBLE (Line Drive, 7LD)
Jaime Icaza scores
Johnny Williams to third
Runner from 3rd tries for Home, SAFE, throw made at trailing runner, SAFE at third!
Batting: LHB Steven Smith 0-0: Intentional Walk
Batting: SHB Walt Rodgers 0-0: Ball
1-0: Ball
2-0: SINGLE (Line Drive, 34D)
Joel Carlson scores
Steven Smith to second
Pitching: RHP Luis Mejía
Batting: RHB Dave King 0-0: Called Strike
0-1: Foul Ball, location: 2F
0-2: Foul Ball, location: 2F
0-2: Ball
1-2: SINGLE (Groundball, 4MD)
Steven Smith to third
Walt Rodgers to second
Runner from 3rd tries for Home, SAFE, throw made home
Batting: LHB Michael Myers 0-0: Called Strike
0-1: Ball
1-1: Ball
2-1: Ball
3-1: Base on Balls
Walt Rodgers to third
Dave King to second
Batting: LHB Joe Baker 0-0: Ball
1-0: Foul Ball, location: 2F
1-1: SINGLE (Groundball, 4MD)
Walt Rodgers scores
Dave King to third
Michael Myers to second
Batting: RHB Gustavo Torres 0-0: Called Strike
0-1: Ball
1-1: Called Strike
1-2: Ball
2-2: DOUBLE (Flyball, 7M)
Dave King scores
Michael Myers scores
Joe Baker to third
Batting: LHB Jaime Icaza 0-0: Swinging Strike
0-1: Foul Ball, location: 2F
0-2: Strikes out looking
Batting: RHB Johnny Williams 0-0: Called Strike
0-1: Ball
1-1: Ball
2-1: Called Strike
2-2: Foul Ball, location: 2F
2-2: Ball
3-2: Base on Balls
Batting: RHB Joel Carlson 0-0: Ball
1-0: Ball
2-0: Foul Ball, location: 2F
2-1: Foul Ball, location: 2F
2-2: Ball
3-2: Foul Ball, location: 2F
3-2: Strikes out looking
Top of the 5th over - 8 run(s), 7 hit(s), 0 error(s), 3 left on base; Chula Vista 10 - Saskatoon 1
BOTTOM OF THE 5TH
Saskatoon Smokin' Guns batting - Pitching for Chula Vista Tacos : RHP Jesús De Los Santos
Batting: RHB Juan Chávez 0-0: Foul Ball, location: 2F
0-1: Ball
1-1: Called Strike
1-2: Foul Ball, location: 2F
1-2: Ball
2-2: Ball
3-2: Foul Ball, location: 2F
3-2: Base on Balls
Batting: RHB José Chávez 0-0: Called Strike
0-1: Called Strike
0-2: Ball
1-2: Foul Ball, location: 2F
1-2: Foul Ball, location: 2F
1-2: Grounds into double play, 6-4-3 (Groundball, 6)
Batting: LHB Alejandro Rojas 0-0: Ball
1-0: Swinging Strike
1-1: Foul Ball, location: 2F
1-2: SINGLE (Flyball, 9S)
Batting: RHB Rijk de Rade 0-0: Ball
1-0: Ball
2-0: Ball
3-0: Base on Balls
Alejandro Rojas to second
Batting: LHB Raúl Casillán 0-0: Called Strike
0-1: Called Strike
0-2: Strikes out looking
Bottom of the 5th over - 0 run(s), 1 hit(s), 0 error(s), 2 left on base; Chula Vista 10 - Saskatoon 1
TOP OF THE 6TH
Chula Vista Tacos batting - Pitching for Saskatoon Smokin' Guns : RHP Luis Mejía
Batting: LHB Steven Smith 0-0: Called Strike
0-1: Called Strike
0-2: Ball
1-2: Ball
2-2: Ball
3-2: Strikes out swinging
Batting: SHB Walt Rodgers 0-0: Swinging Strike
0-1: Ball
1-1: Swinging Strike
1-2: Strikes out swinging
Batting: RHB Dave King 0-0: Called Strike
0-1: Swinging Strike
0-2: Strikes out looking
Top of the 6th over - 0 run(s), 0 hit(s), 0 error(s), 0 left on base; Chula Vista 10 - Saskatoon 1
BOTTOM OF THE 6TH
Saskatoon Smokin' Guns batting - Pitching for Chula Vista Tacos : RHP Jesús De Los Santos
Batting: LHB José Lińares 0-0: Foul Ball, location: 2F
0-1: SINGLE (Groundball, 4MD)
Batting: RHB Luis Ibarra 0-0: Called Strike
José Lińares steals 2nd base
0-1: Ball
1-1: Foul Ball, location: 2F
1-2: Strikes out swinging
Batting: RHB Peter Bryant 0-0: Swinging Strike
0-1: Ball
1-1: Foul Ball, location: 2F
1-2: Ball
2-2: Strikes out swinging
Pitching: LHP Alonso Parrish
Batting: SHB Michael Miller 0-0: Called Strike
0-1: Fly out, F9 (Popup, 4D)
Bottom of the 6th over - 0 run(s), 1 hit(s), 0 error(s), 1 left on base; Chula Vista 10 - Saskatoon 1
TOP OF THE 7TH
Chula Vista Tacos batting - Pitching for Saskatoon Smokin' Guns : RHP Luis Mejía
Batting: LHB Michael Myers 0-0: Ball
1-0: Ball
2-0: Called Strike
2-1: Foul Ball, location: 2F
2-2: Ball
3-2: Strikes out swinging
Pitching: RHP Denny Koch
Batting: LHB Joe Baker 0-0: Ball
1-0: Foul Ball, location: 2F
1-1: Ground out 4-3 (Groundball, 4M)
Batting: RHB Gustavo Torres 0-0: Ball
1-0: DOUBLE (Line Drive, 78S)
Batting: LHB Jaime Icaza 0-0: Ground out 6-3 (Groundball, 4M)
Top of the 7th over - 0 run(s), 1 hit(s), 0 error(s), 1 left on base; Chula Vista 10 - Saskatoon 1
BOTTOM OF THE 7TH
Saskatoon Smokin' Guns batting - Pitching for Chula Vista Tacos : LHP Alonso Parrish
Batting: RHB Juan Chávez 0-0: Ball
1-0: Called Strike
1-1: Fly out, F5 (Line Drive, 5S)
Batting: RHB José Chávez 0-0: Ball
1-0: Fly out, F3 (Popup, 3SF)
Batting: LHB Alejandro Rojas 0-0: Called Strike
0-1: Foul Ball, location: 2F
0-2: Foul Ball, location: 2F
0-2: Fly out, F8 (Flyball, 8LM)
Bottom of the 7th over - 0 run(s), 0 hit(s), 0 error(s), 0 left on base; Chula Vista 10 - Saskatoon 1
TOP OF THE 8TH
Chula Vista Tacos batting - Pitching for Saskatoon Smokin' Guns : RHP Denny Koch
Batting: RHB Johnny Williams 0-0: Ball
1-0: Called Strike
1-1: Ball
2-1: Ball
3-1: Called Strike
3-2: Base on Balls
Batting: RHB Joel Carlson 0-0: Called Strike
Johnny Williams steals 2nd base
0-1: Swinging Strike
0-2: Strikes out looking
Batting: LHB Steven Smith 0-0: Called Strike
0-1: Ball
1-1: Ball
2-1: Called Strike
2-2: Ball
3-2: Base on Balls
Batting: SHB Walt Rodgers 0-0: Called Strike
0-1: Called Strike
0-2: Strikes out swinging
Batting: RHB Dave King 0-0: Called Strike
0-1: SINGLE (Groundball, 4MS)
Johnny Williams to third
Steven Smith to second
Runner from 3rd tries for Home, SAFE, no throw or cutoff
Batting: LHB Michael Myers 0-0: Ball
1-0: Foul Ball, location: 2F
1-1: Swinging Strike
1-2: Foul Ball, location: 2F
1-2: Strikes out looking
Top of the 8th over - 1 run(s), 1 hit(s), 0 error(s), 2 left on base; Chula Vista 11 - Saskatoon 1
BOTTOM OF THE 8TH
Saskatoon Smokin' Guns batting - Pitching for Chula Vista Tacos : LHP Alonso Parrish
Now at 3B: Ron Garrett
Batting: RHB Rijk de Rade 0-0: Foul Ball, location: 2F
0-1: Ball
1-1: Ball
2-1: Foul Ball, location: 2F
2-2: Foul Ball, location: 2F
2-2: Foul Ball, location: 2F
2-2: Foul Ball, location: 2F
2-2: Strikes out swinging
Batting: LHB Raúl Casillán 0-0: Ball
1-0: Foul Ball, location: 2F
1-1: Called Strike
1-2: Foul Ball, location: 2F
1-2: Ball
2-2: Ball
3-2: Foul Ball, location: 2F
3-2: Strikes out swinging
Batting: LHB José Lińares 0-0: Ball
1-0: Ball
2-0: Ball
3-0: Base on Balls
Batting: RHB Luis Ibarra 0-0: Ball
1-0: Called Strike
1-1: Swinging Strike
1-2: Foul Ball, location: 2F
1-2: Ball
2-2: Strikes out swinging
Bottom of the 8th over - 0 run(s), 0 hit(s), 0 error(s), 1 left on base; Chula Vista 11 - Saskatoon 1
TOP OF THE 9TH
Chula Vista Tacos batting - Pitching for Saskatoon Smokin' Guns : RHP Denny Koch
Batting: LHB Joe Baker 0-0: Ball
1-0: Ball
2-0: Called Strike
2-1: Fly out, F7 (Flyball, 7LMF)
Batting: RHB Gustavo Torres 0-0: Called Strike
0-1: Ball
1-1: Swinging Strike
1-2: Ball
2-2: Fly out, F3 (Popup, 3F)
Batting: LHB Jaime Icaza 0-0: Called Strike
0-1: SINGLE (Line Drive, 8RS)
Batting: RHB Johnny Williams 0-0: Ground out 1-3 (Groundball, 34S)
Top of the 9th over - 0 run(s), 1 hit(s), 0 error(s), 1 left on base; Chula Vista 11 - Saskatoon 1
BOTTOM OF THE 9TH
Saskatoon Smokin' Guns batting - Pitching for Chula Vista Tacos : LHP Alonso Parrish
Now in LF: Manny Torrez
Pinch Hitting: LHB Russell Peck 0-0: Called Strike
0-1: Foul Ball, location: 2F
0-2: Strikes out swinging
Batting: SHB Michael Miller 0-0: Ground out 5-3 (Groundball, 56)
Batting: RHB Juan Chávez 0-0: Swinging Strike
0-1: Ball
1-1: Called Strike
1-2: Foul Ball, location: 2F
1-2: Ball
2-2: Ground out 6-3 (Groundball, 6MS)
Bottom of the 9th over - 0 run(s), 0 hit(s), 0 error(s), 0 left on base; Chula Vista 11 - Saskatoon 1
Monday, December 5th, 2016 - OOTP Baseball 17.12 Build 75